 Dungeon Crawl Stone Soup version 0.23.0-2-g0fe3ce5905 (webtiles) character file.

Game seed: 6659368471155792452

431 Chiseanne the Magician (level 6, -4/41 HPs)
             Began as a Demonspawn Wizard on Feb 19, 2019.
             Slain by Menkaure (22 damage)
             ... on level 3 of the Dungeon.
             The game lasted 00:10:23 (4997 turns).

Chiseanne the Magician (Demonspawn Wizard)          Turns: 4997, Time: 00:10:24

Health: -4/41      AC:  8    Str:  7    XL:     6   Next: 67%
Magic:  14/14      EV: 12    Int: 22    God:
Gold:   218        SH:  0    Dex: 11    Spells: 6/15 levels left

rFire    . . .     SeeInvis .   q - +3 quarterstaff (chaos)
rCold    . . .     Gourm    .   (shield currently unavailable)
rNeg     . . .     Faith    .   a - +0 robe
rPois    .         Spirit   .   u - +0 helmet
rElec    .         Reflect  .   w - +1 cloak
rCorr    .         Harm     .   (no gloves)
MR       .....                  k - +0 pair of boots
Stlth    ++........             c - amulet of the acrobat
HPRegen  0.13/turn              h - ring of flight
MPRegen  0.14/turn              (no ring)

@: no status effects
A: iridescent scales 1, spiny 1
a: Evoke Flight


You were on level 3 of the Dungeon.
You were not hungry.

You visited 1 branch of the dungeon, and saw 4 of its levels.

You collected 218 gold pieces.

Inventory:

Hand Weapons
 b - a +0 blowgun
 q - a +3 quarterstaff of chaos (weapon)
Missiles
 f - 24 poisoned needles
 i - 91 stones (quivered)
 l - 24 arrows
 o - 14 sling bullets
 r - 41 bolts
Armour
 a - a +0 robe (worn)
 k - a +0 pair of boots (worn)
 t - a +2 scale mail of cold resistance
 u - a +0 helmet (worn)
 v - a +2 chain mail of cold resistance
 w - a +1 cloak (worn)
Jewellery
 c - an amulet of the acrobat (around neck)
 h - a ring of flight (left hand)
Scrolls
 e - 2 scrolls of identify
 j - a scroll of amnesia
 m - a scroll of immolation
 p - a scroll of remove curse
 s - a scroll of fear
Potions
 g - a potion of might
 n - 2 potions of haste
Comestibles
 d - 6 rations
 x - 4 chunks of flesh


   Skills:
 - Level 1.7 Dodging
 - Level 1.7 Stealth
 * Level 5.4 Spellcasting
 * Level 4.9 Conjurations
   Level 1.0 Summonings
 - Level 0.8 Translocations


You had 6 spell levels left.
You knew the following spells:

 Your Spells              Type           Power        Failure   Level  Hunger
a - Magic Dart            Conj           ####         1%          1    None
b - Blink                 Tloc           N/A          11%         2    None
c - Conjure Flame         Conj/Fire      ###.....     11%         3    ##.....
d - Mephitic Cloud        Conj/Pois/Air  ##......     16%         3    ##.....

Your spell library contained the following spells:

 Spells                   Type           Power        Failure   Level  Hunger
 Call Imp                 Summ           ##......     10%         2    None
 Slow                     Hex            #.......     14%         2    None


Dungeon Overview and Level Annotations

Branches:
Dungeon (4/15)
 Temple: D:4-7

Altars:
Nemelex Xobeh
Xom
Yredelemnul

Annotations:
D:3 Menkaure


Innate Abilities, Weirdness & Mutations

You are partially covered in iridescent scales. (AC +2)
You are partially covered in sharp spines.


Message History

a +0 short sword; a +0 leather armour; an orc skeleton
There is a stone staircase leading down here.
You climb downwards.
Level annotation: Menkaure Menkaure is struck by your spines.
Menkaure barely misses you. Menkaure hits you!!
Ouch! That really hurt!
There is a stone staircase leading up, spattered with blood here.
You climb upwards.
There is a stone staircase leading down here.
You hit Menkaure but do no damage.
Menkaure is lightly damaged.
Menkaure barely misses you.
You hit Menkaure.
Menkaure is briefly showered in sparks.
Menkaure is moderately damaged.
Menkaure hits you but does no damage.
Menkaure gestures ominously.
Menkaure is struck by your spines. Menkaure hits you!!
Ouch! That really hurt!
You die...

#######.##.....## ##
#.......#8.....8 ####### #)
#.......##.....# #.....# #.
#.......# 8...8 #.....# #.
#.......# ##_## #.....# ##
#.......####### #.....#
#........###.#####.....#
#...).)...M)...##......# ##
#...<.....@[...........###.
#.....).[).................
#........................##
#######.)..................
#....................
########............<.......
#...........................
#...######..................
#...######.............#=...


You could see Menkaure.

Vanquished Creatures
  An ogre (D:3)
  A bullfrog (D:4)
  An orc wizard (D:4)
  Crazy Yiuf (D:3)
  Jessica (D:2)
  Terence (D:3)
  A worker ant (D:3)
  Robin (D:3)
  2 gnolls (D:2)
  2 adders (D:2)
  An ooze (D:2)
  2 worms
  3 dart slugs
  2 leopard geckos
  8 orcs
  3 giant cockroaches (D:3)
  12 goblins
  11 hobgoblins
  2 jackals (D:1)
  A quokka (D:3)
  3 ball pythons
  10 bats
  3 frilled lizards
  11 kobolds
  3 rats
87 creatures vanquished.

Notes
Turn   | Place    | Note
-------+----------+-------------------------------------------
     0 | D:1      | Chiseanne the Demonspawn Wizard began the quest for the
                  | Orb.
     0 | D:1      | Reached XP level 1. HP: 13/13 MP: 4/4
   573 | D:1      | Gained mutation: You are partially covered in sharp spines.
                  | [demonic ancestry]
   573 | D:1      | Reached XP level 2. HP: 19/19 MP: 3/6
  1584 | D:2      | Gained mutation: You are partially covered in iridescent
                  | scales. (AC +2) [demonic ancestry]
  1584 | D:2      | Reached XP level 3. HP: 24/24 MP: 2/8
  1986 | D:2      | Found a faded altar of an unknown god.
  2365 | D:2      | Found a basalt altar of Yredelemnul.
  2419 | D:2      | Reached XP level 4. HP: 16/30 MP: 6/9
  2650 | D:2      | Found a sparkling altar of Nemelex Xobeh.
  2666 | D:2      | Reached skill level 4 in Spellcasting
  2782 | D:2      | Noticed Jessica
  2784 | D:2      | Killed Jessica
  2809 | D:2      | Learned a level 2 spell: Blink
  2813 | D:2      | Learned a level 3 spell: Conjure Flame
  2817 | D:2      | Learned a level 3 spell: Mephitic Cloud
  2955 | D:3      | Found a shimmering altar of Xom.
  2975 | D:3      | Noticed an ogre
  3073 | D:3      | Killed an ogre
  3073 | D:3      | Reached XP level 5. HP: 9/35 MP: 3/11
  3657 | D:3      | Noticed Robin
  3663 | D:3      | Killed Robin
  3803 | D:3      | Reached XP level 6. HP: 37/41 MP: 9/13
  3893 | D:3      | Found a runed translucent door.
  3894 | D:3      | Noticed Crazy Yiuf
  3913 | D:3      | Killed Crazy Yiuf
  3913 | D:3      | Reached skill level 5 in Spellcasting
  3938 | D:3      | HP: 2/41 [poisoned by Crazy Yiuf]
  4488 | D:3      | Noticed Terence
  4508 | D:3      | Killed Terence
  4642 | D:4      | Noticed Menkaure
  4997 | D:3      | Slain by Menkaure

Skill      XL: |  1  2  3  4  5  6 |
---------------+-------------------+-----
Conjurations   | 2 3 4 |  4.9
Spellcasting   | 4 5 |  5.4
Dodging        | |  1.7
Stealth        | |  1.7
Summonings     | |  1.0
Translocations | |  0.8

Action                   |  1- 3 |  4- 6 || total
-------------------------+-------+-------++-------
Melee: Short sword       |     8 |    21 ||    29
       Rapier            |       |    15 ||    15
       Quarterstaff      |       |    20 ||    20
 Fire: Blowgun           |       |     9 ||     9
 Cast: Magic Dart        |    87 |    85 ||   172
       Mephitic Cloud    |       |     4 ||     4
       Blink             |       |     3 ||     3
  Use: Scroll            |     7 |     3 ||    10
 Stab: Confused          |       |     2 ||     2
  Eat: Chunk             |     4 |     7 ||    11
       Ration            |       |     1 ||     1
Armor: Robe              |     8 |     9 ||    17
Dodge: Dodged            |    14 |    46 ||    60
